 Dungeon Crawl Stone Soup version 0.22-a0-322-g60b3cfd (webtiles) character file.

238 Kairos the Chopper (level 6, -1/48 HPs)
             Began as a Human Fighter on Apr 3, 2018.
             Slain by a gnoll
             ... wielding a +0 spear
              (6 damage)
             ... on level 4 of the Dungeon.
             The game lasted 00:05:07 (3335 turns).

Kairos the Chopper (Human Fighter)                  Turns: 3335, Time: 00:05:07

Health: -1/48      AC:  8    Str: 16    XL:     6   Next: 28%
Magic:  6/6        EV:  8    Int:  8    God:
Gold:   141        SH:  9    Dex: 15    Spells: 5/5 levels left

rFire    . . .     SeeInvis .   q - +1 hand axe (chop)
rCold    . . .     Gourm    .   c - +0 shield
rNeg     . . .     Faith    +   b - +0 scale mail
rPois    .         Spirit   .   n - +0 helmet
rElec    .         Reflect  .   (no cloak)
rCorr    .         Harm     .   (no gloves)
MR       .....                  (no boots)
Stlth    ..........             j - amulet of faith
HPRegen  0.16/turn              (no ring)
MPRegen  0.10/turn              (no ring)

@: no status effects
A: no striking features
a: no special abilities


You were on level 4 of the Dungeon.
You were hungry.

You visited 1 branch of the dungeon, and saw 4 of its levels.

You collected 141 gold pieces.

Inventory:

Hand Weapons
 a - a +0 war axe
 q - a +1 hand axe of chopping (weapon)
Armour
 b - a +0 scale mail (worn)
 c - a +0 shield (worn)
 n - a +0 helmet (worn)
Jewellery
 j - an amulet of faith (around neck)
Scrolls
 e - a scroll of teleportation
 g - 4 scrolls of remove curse
 k - a scroll of magic mapping {unknown}
 r - a scroll of fog
 t - a scroll of identify
Potions
 d - a potion of might
 h - 2 potions of cancellation {unknown}
 i - 4 potions of curing
 l - 2 potions of brilliance {unknown}
 m - 2 potions of flight {unknown}
 o - a potion of ambrosia {unknown}
 p - a potion of magic {unknown}
 s - a potion of degeneration {unknown}
Comestibles
 f - 8 rations


   Skills:
 + Level 3.6 Fighting
 + Level 4.2 Axes
 + Level 3.6 Armour
 + Level 1.6 Dodging
 + Level 0.3 Stealth
 + Level 3.7 Shields


You had 5 spell levels left.
You didn't know any spells.

Dungeon Overview and Level Annotations

Branches:
Dungeon (4/15)
 Temple: D:4-7

Altars:

Shops:
D:4 [

Annotations:
D:2 Terence


Message History

The gnoll is moderately wounded.
The gnoll hits you with a spear.
* * * LOW HITPOINT WARNING * * *
The gnoll barely misses you.
You hit the gnoll but do no damage.
The gnoll is moderately wounded.
You block the gnoll's attack.
You hit the gnoll.
The gnoll is heavily wounded.
The gnoll barely misses you.
You hit the gnoll but do no damage.
The gnoll is heavily wounded.
You block the gnoll's attack.
You hit the gnoll.
The gnoll is almost dead.
The gnoll barely misses you.
You closely miss the gnoll.
The gnoll is almost dead.
The gnoll hits you with a spear.
You die...

##.# .##.........#####
.... .##.........# ###
#..#.g##.#####.....##....
#.....## #....## .##.
.......#g# #...## #.
####.###.# #...# #.
.....###.# #...# .. ##
#..g######...##.# ##
##.#@.............
#................ .
#.#.............. #
#.#####.#...#..## #.
#.#...#.... .. #.#...#
### #. #.#...# #......
#.. ...


You could see a gnoll.

Vanquished Creatures
  A howler monkey (D:4)
  Natasha (D:2)
  2 worker ants (D:4)
  3 adders
  An ooze (D:4)
  2 worms (D:2)
  2 dart slugs
  3 leopard geckos
  8 orcs (D:3)
  A ball python (D:3)
  13 goblins
  10 hobgoblins
  3 jackals (D:1)
  2 quokkas
  7 bats
  3 frilled lizards
  4 kobolds
  8 rats
74 creatures vanquished.

Notes
Turn   | Place    | Note
-------+----------+-------------------------------------------
     0 | D:1      | Kairos the Human Fighter began the quest for the Orb.
     0 | D:1      | Reached XP level 1. HP: 18/18 MP: 1/1
   304 | D:1      | Reached XP level 2. HP: 23/24 MP: 2/2
   793 | D:2      | Noticed Natasha
   802 | D:2      | Reached XP level 3. HP: 23/29 MP: 3/3
   807 | D:2      | Noticed Terence
  1587 | D:2      | Reached XP level 4. HP: 26/35 MP: 4/4
  1588 | D:2      | Reached skill level 3 in Axes
  1624 | D:2      | Killed Natasha
  1848 | D:2      | Reached skill level 1 in Dodging
  2512 | D:3      | Reached XP level 5. HP: 39/41 MP: 5/5
  3185 | D:4      | Found Xuwasyunn's Armour Boutique.
  3270 | D:4      | Reached skill level 4 in Axes
  3270 | D:4      | Reached XP level 6. HP: 27/47 MP: 6/6
  3335 | D:4      | Slain by a gnoll

Vault maps used:
D:1:      dpeg_arrival_brainrot
D:2:      serial_glass, glass_columns_a, glass_columns_a, glass_columns_c,
          glass_columns_a, uniq_terence, uniq_natasha
D:3:      first_ration
D:4:      minmay_goblin_kobold_castle, serial_shops, shop, shop, shop_fountains,
          shop, shop_statue

Skill      XL: |  1  2  3  4  5 |
---------------+----------------+-----
Axes           | 3 4 |  4.2
Dodging        | 1 |  1.6
Fighting       | |  3.6
Armour         | |  3.6
Stealth        | |  0.3
Shields        | |  3.7

Action                   |  1- 3 |  4- 6 || total
-------------------------+-------+-------++-------
Melee: War axe           |   119 |    57 ||   176
       Hand axe          |       |    97 ||    97
  Use: Scroll            |       |     5 ||     5
  Eat: Chunk             |     2 |     2 ||     4
       Ration            |       |     1 ||     1
Armor: Scale mail        |    68 |    53 ||   121
Dodge: Dodged            |    34 |    56 ||    90
Block: Shield            |    65 |    76 ||   141

Table legend:
 A = Spawn XP
 B = Non-spawn XP
 C = Spawn XP percentage of total XP
 D = Spawn monster count
 E = Non-spawn monster count
 F = Spawn count percentage of total count
 G = Total turns spent on level
                    A         B        C        D         E        F      G
               +---------+---------+-------+---------+---------+-------+---------
         Total |       0 |     340 |   0.0 |       0 |      74 |   0.0 |  3335
               +---------+---------+-------+---------+---------+-------+---------
           D:1 |       0 |      38 |   0.0 |       0 |      18 |   0.0 |  1258
           D:2 |       0 |      92 |   0.0 |       0 |      21 |   0.0 |  1174
           D:3 |       0 |      71 |   0.0 |       0 |      27 |   0.0 |   750
           D:4 |       0 |     139 |   0.0 |       0 |       8 |   0.0 |   153
               +---------+---------+-------+---------+---------+-------+---------
